 Dungeon Crawl Stone Soup version 0.31.0-32-g396128a36d (webtiles) character file.

Game seed: 13167902392541192687

157 HailTheAbyss the Chopper (level 5, -1/47 HPs)
             Began as a Hill Orc Berserker on Apr 8, 2024.
             Was a Believer of Trog (penitent).
             Slain by a polar bear (18 damage)
             ... created by the rage of Trog
             ... on level 3 of the Dungeon.
             The game lasted 00:19:09 (2148 turns).

HailTheAbyss the Chopper (Hill Orc Berserker)       Turns: 2148, Time: 00:19:09

Health: -1/47      AC:  8    Str: 22    XL:     5   Next: 38%
Magic:  5/5        EV: 11    Int:  7    God:    Trog [**....]
Gold:   99         SH:  0    Dex: 10    Spells: 0/4 levels left

rFire   . . .        o - +0 war axe
rCold   . . .        (no shield)
rNeg    . . .        e - +0 ring mail
rPois   .            p - +2 helmet
rElec   .            (no cloak)
rCorr   .            (no gloves)
SInv    .            (no boots)
Will    .....        (no amulet) Stlth
                     l - ring of wizardry
HPRegen 0.27/turn    (no ring)
MPRegen 0.09/turn

%: wizardry (x1)
@: no status effects
A: no striking features
a: Renounce Religion


You were on level 3 of the Dungeon.
You worshipped Trog.
Trog was demanding penance.
You visited 1 branch of the dungeon, and saw 3 of its levels.

You collected 133 gold pieces.
You spent 34 gold pieces at shops.

Inventory:

Hand Weapons
 a - a +0 hand axe
 g - a +0 sling
 j - a +0 short sword
 o - a +0 war axe (weapon)
 q - a +2 dagger of electrocution
Missiles
 d - 23 stones
 n - 6 boomerangs (quivered)
Armour
 b - a +0 animal skin
 e - a +0 ring mail (worn)
 p - a +2 helmet (worn)
Jewellery
 l - a ring of wizardry (left hand)
Wands
 h - a wand of paralysis (8)
Scrolls
 c - a scroll of identify {unknown}
 f - 2 scrolls of teleportation {unknown}
 k - a scroll of enchant armour {unknown}


   Skills:
 + Level 4.9 Fighting
 + Level 5.5 Axes
 + Level 3.3 Armour
 + Level 2.2 Dodging


You couldn't memorise any spells.
You knew the following spells:

 Your Spells              Type           Power      Damage    Failure   Level
a - Vampiric Draining     Necr           0%         2d6       61%         3
b - Slow                  Hex            0%         N/A       28%         1

Your spell library contained the following spells:

 Spells                   Type           Power      Damage    Failure   Level
 Confusing Touch          Hex            0%         N/A       61%         3
 Sigil of Binding         Hex            0%         N/A       61%         3


Dungeon Overview and Level Annotations

Branches:
Dungeon (3/15)

Altars:

Shops:
D:1 *


Message History

* * * LOW HITPOINT WARNING * * *
It was a potion of brilliance.
You feel clever all of a sudden. The liquid fire burns you!
* * * LOW HITPOINT WARNING * * *
It was a potion of lignification.
You turn into a tree.
Your +2 helmet melds into your body.
Your +0 ring mail melds into your body.
Your roots penetrate the ground.
You cannot move.
It was a potion of might.
You feel very mighty all of a sudden.
You start resting.
Your transformation is almost over.
You feel less wooden.
Your +2 helmet unmelds from your body.
Your +0 ring mail unmelds from your body.
You start resting.
You feel a little less mighty now.
You start resting.
You feel a little less clever now.
You start resting.
Trog sends monsters to punish you. 2 polar bears and 4 black bears come into view.
Press: ? - help, v - describe, . - travel
Here: a black bear (durably summoned, berserk)
The floor.
The black bear moves out of view.
The polar bear moves out of view.
The polar bear rages.
The black bear rages.
The polar bear rages.
The black bear rages.
The polar bear attacks as it pursues you!
The polar bear bites you.
The polar bear claws you but does no damage.
The polar bear claws you.
The black bear rages.
The black bear rages.
The polar bear bites you.
The polar bear claws you but does no damage. x2
The polar bear rages.
The polar bear bites you!!
You die...

............
######...... ## ###
#...### #. ..#
#...# # .. #.#
#...# #.##. #.#
###...## ... #.#
#......## #>#####.#
#h......#
#.@h..hh###.##.#..#
#######..h.h...#...
#.###h#...... #.#
#.#...... #.#
#..><.... ..#
#.......# #..
####.##.. ... .# #+
.# #


You could see 2 polar bears and 2 black bears.

Vanquished Creatures
  A bombardier beetle (D:3)
  6 adders (D:2)
  6 dart slugs
  5 bats
  7 endoplasms
  A giant cockroach (D:2)
  7 goblins
  5 hobgoblins (D:1)
  4 kobolds
  4 ball pythons
  6 frilled lizards
  6 rats
58 creatures vanquished.

Notes
Turn   | Place    | Note
-------+----------+-------------------------------------------
     0 | D:1      | HailTheAbyss the Hill Orc Berserker began the quest for the
                  | Orb.
     0 | D:1      | Reached XP level 1. HP: 19/19 MP: 1/1
    52 | D:1      | Reached XP level 2. HP: 19/27 MP: 2/2
   526 | D:1      | Reached XP level 3. HP: 33/33 MP: 3/3
   534 | D:1      | Reached ** piety under Trog
   578 | D:1      | Found Kingoebo's Assorted Antiques.
   586 | D:1      | Bought a sling for 34 gold pieces
  1148 | D:2      | Reached skill level 5 in Axes
  1148 | D:2      | Reached XP level 4. HP: 18/41 MP: 4/4
  1692 | D:2      | Reached XP level 5. HP: 45/47 MP: 5/5
  1724 | D:2      | Was placed under penance by Trog
  1728 | D:2      | Learned a level 3 spell: Vampiric Draining
  1730 | D:2      | Learned a level 1 spell: Slow
  2141 | D:3      | Noticed a black bear
  2141 | D:3      | Noticed a black bear
  2141 | D:3      | Noticed a polar bear
  2141 | D:3      | Noticed a black bear
  2141 | D:3      | Noticed a polar bear
  2141 | D:3      | Noticed a black bear
  2148 | D:3      | Slain by a polar bear

Illustrated notes

Levels and vault maps discovered:
D:1:      dpeg_arrival_round_a, layout_basic, serial_shops,
          nicolae_shop_temple_entry_statues_fountains
D:2:      layout_loops_ring, minmay_misc_feat_secret_circle, st_stairs_2,
          minmay_tall_x
D:3:      layout_loops_cross, mainiacjoe_overflow_surrounded_room,
          ebering_ghost_inner_flame, dk_noncrumbling_4,
          pf_guarded_unrand_woodcutter

Skill      XL: |  1  2  3  4 |
---------------+-------------+-----
Fighting       | 4 |  4.9
Dodging        | 2 |  2.2
Axes           | 5 |  5.5
Armour         | 3 |  3.3

Action                     |  1- 3 |  4- 6 || total
---------------------------+-------+-------++-------
  Melee: Hand axe          |   128 |    58 ||   186
         Punch             |     4 |     1 ||     5
         War axe           |       |    20 ||    20
  Throw: Stone             |     3 |     4 ||     7
         Boomerang         |       |     2 ||     2
    Use: Potion            |       |     3 ||     3
 Armour: Animal skin       |    37 |       ||    37
         Ring mail         |    36 |    43 ||    79
  Dodge: Dodged            |    71 |    53 ||   124
